 Dungeon Crawl Stone Soup version 0.24.0-13-gcf9b3192b9 (webtiles) character file.

Game seed: 6153176091188717026, levelgen mode: deterministic

95 Curus the Cudgeler (level 4, -1/37 HPs)
             Began as a Minotaur Gladiator on Nov 5, 2019.
             Slain by a wight
             ... wielding a +0 flail
              (6 damage)
             ... on level 1 of the Dungeon.
             The game lasted 00:05:35 (1329 turns).

Curus the Cudgeler (Minotaur Gladiator)             Turns: 1329, Time: 00:05:36

Health: -1/37      AC:  3    Str: 19    XL:     4   Next: 40%
Magic:  3/3        EV: 12    Int:  6    God:
Gold:   48         SH:  0    Dex: 11    Spells: 3/3 levels left

rFire    . . .     SeeInvis .   a - +0 flail
rCold    . . .     Gourm    .   (no shield)
rNeg     . . .     Faith    .   b - +0 leather armour
rPois    .         Spirit   .   c - +0 hat
rElec    .         Reflect  .   (no cloak)
rCorr    .         Harm     .   (no gloves)
MR       .....                  (no boots)
Stlth    ++........             (no amulet)
HPRegen  0.12/turn              g - ring of flight
MPRegen  0.08/turn              h - ring of stealth

@: lightly drained
A: retaliatory headbutt, horns 2
a: Evoke Flight


You were on level 1 of the Dungeon.
You were very hungry.

You visited 1 branch of the dungeon, and saw 2 of its levels.

You collected 48 gold pieces.

Inventory:

Hand Weapons
 a - a +0 flail (weapon)
Missiles
 d - 3 throwing nets (quivered)
Armour
 b - a +0 leather armour (worn)
 c - a +0 hat (worn)
 j - a +0 pair of gloves
Jewellery
 g - a ring of flight (left hand)
 h - a ring of stealth (right hand)
Scrolls
 e - 3 scrolls of amnesia
 i - 2 scrolls of identify
Comestibles
 f - 2 rations


   Skills:
 - Level 2.4(2.1) Fighting
 + Level 6.3(6.0) Maces & Flails
 - Level 2.0(1.6) Throwing
 - Level 3.2(2.9) Dodging


You had 3 spell levels left.
You didn't know any spells.
Your spell library was empty.

Dungeon Overview and Level Annotations

Branches:
Dungeon (2/15)

Altars:


Innate Abilities, Weirdness & Mutations

You reflexively headbutt those who attack you in melee.
You have a pair of horns on your head.


Message History

You hit the wight.
You destroy the wight!
Your Maces & Flails skill increases to level 6!
You have reached level 4!
You feel stronger.
You sock the hobgoblin!
You kill the hobgoblin!
The wight misses you.
There is a stone staircase leading up here.
The wight closely misses you.
You climb upwards.
There is a stone staircase leading down here.
You hit the wight but do no damage. The wight hits you with a +0 flail!
* * * LOW HITPOINT WARNING * * *
You feel drained.
* * * LOW HITPOINT WARNING * * *
You thump the wight! Your headbutt misses the wight.
The wight is heavily damaged.
The wight hits you with a +0 flail.
You die...

#######(......# #......#
......).......# #..(...####
....#.........# ##.#......#
.##.#...#.##### #.#......#
.##.....#.# #.#......#
.###....#.#########.#......######
....................+......'.....
####.####.#########.#......######
...............z@....).....#
#####.#######.#######......#
#.####.##.# ##'##### #.##...##.#
#.# #.##.####.# ######.#
#####.##.'....# #...##.#
......##.####.###.#.##.#
......##...##..'..#<##.#
......####>##.###.#.##.##########


You could see a wight.

Vanquished Creatures
  A wight (D:2)
  An ooze (D:1)
  A worm (D:2)
  3 dart slugs (D:1)
  3 leopard geckos (D:1)
  2 ball pythons (D:1)
  4 bats (D:1)
  A giant cockroach (D:1)
  3 goblins
  4 hobgoblins
  4 jackals
  2 kobolds (D:1)
  A quokka (D:2)
  3 frilled lizards
  3 rats (D:1)
36 creatures vanquished.

Notes
Turn   | Place    | Note
-------+----------+-------------------------------------------
     0 | D:1      | Curus the Minotaur Gladiator began the quest for the Orb.
     0 | D:1      | Reached XP level 1. HP: 18/18 MP: 0/0
   210 | D:1      | Reached skill level 4 in Maces & Flails
   238 | D:1      | Reached XP level 2. HP: 18/25 MP: 1/1
   678 | D:1      | Reached skill level 5 in Maces & Flails
   721 | D:1      | Reached XP level 3. HP: 28/30 MP: 2/2
  1280 | D:2      | Reached skill level 6 in Maces & Flails
  1280 | D:2      | Reached XP level 4. HP: 9/37 MP: 3/3
  1329 | D:1      | Slain by a wight

Levels and vault maps discovered:
D:1:      dpeg_arrival_renting, layout_basic, serial_park_tiny_2,
          chequers_decorated_corner
D:2:      minmay_general_purpose_star, layout_loops_ring,
          nicolae_dithmenos_shadow_blocks, first_ration

Skill      XL: |  1  2  3 |
---------------+----------+-----
Maces & Flails | 4 5 6 |  6.3
Fighting       | |  2.4
Throwing       | |  2.0
Dodging        | |  3.2

Action                   |  1- 3 |  4- 6 || total
-------------------------+-------+-------++-------
Melee: Flail             |    84 |     3 ||    87
       Headbutt          |    12 |       ||    12
  Use: Scroll            |     2 |       ||     2
       Potion            |     1 |       ||     1
 Stab: Sleeping          |     1 |       ||     1
Armor: Leather armour    |    19 |       ||    19
Dodge: Dodged            |    55 |     2 ||    57
